 Dungeon Crawl Stone Soup version 0.29.1 (webtiles) character file.

Game seed: 9470050708542274498

41006 groovy9 the Brawler (level 13, -17/202 HPs)
             Began as a Troll Fighter on Sept 12, 2022.
             Was an Elder of Wu Jian.
             Demolished by Donald
             ... wielding a +1 scimitar of holy wrath
              (45 damage)
             ... on level 1 of the Orcish Mines.
             The game lasted 01:12:53 (15896 turns).

groovy9 the Brawler (Troll Fighter)                Turns: 15896, Time: 01:12:54

Health: -17/202    AC:  7    Str: 25    XL:     13   Next: 77%
Magic:  12/12      EV: 11    Int:  8    God:    Wu Jian [****..]
Gold:   670        SH: 17    Dex: 19    Spells: 12/12 levels left

rFire   + + .      SeeInvis .     - Unarmed
rCold   + + .      Faith    .   b - +0 kite shield
rNeg    . . .      Spirit   .   V - +0 troll leather armour
rPois   +          Reflect  +   v - +1 hat of Lethargy {rElec rC+ Str-2 Dex+6}
rElec   +          Harm     .   D - scarf {repulsion}
rCorr   +          Rampage  .   (gloves unavailable)
Will    .....                   (boots unavailable)
Stlth   ..........              S - amulet of reflection
HPRegen 2.03/turn               A - ring of poison resistance
MPRegen 0.13/turn               T - ring "Onleatekh" {rF++ rC+ rCorr Dex+4 Stlth-}

@: berserking, exhausted, repel missiles, very quick
A: large, unfitting armour, claws 3, regeneration 1, shaggy fur 1, tough skin 1
a: Renounce Religion, Wall Jump, Serpent's Lash


You were on level 1 of the Orcish Mines.
You worshipped Wu Jian.
Wu Jian was greatly pleased with you.
You visited 4 branches of the dungeon, and saw 20 of its levels.
You also visited: Sewer.

You collected 1736 gold pieces.
You spent 1066 gold pieces at shops.

Inventory:

Missiles
 t - 19 boomerangs (quivered)
 Z - a curare-tipped dart
Armour
 b - a +0 kite shield (worn)
 g - quicksilver dragon scales
 v - the +1 hat of Lethargy (worn) {rElec rC+ Str-2 Dex+6}
   (You acquired it on level 7 of the Dungeon)

   Str:       It affects your strength (-2).
   Dex:       It affects your dexterity (+6).
   rC:        It protects you from cold.
   rElec:     It insulates you from electricity.
 D - a scarf of repulsion (worn)
 V - a +0 troll leather armour (worn)
Jewellery
 a - an amulet of faith
 d - a ring of wizardry
 n - a +6 ring of dexterity
 p - a +6 ring of dexterity
 w - a ring of protection from fire
 x - a ring of wizardry
 A - a ring of poison resistance (left claw)
 H - a ring of positive energy
 I - a +6 ring of intelligence
 Q - a +6 ring of intelligence
 R - an amulet of regeneration
 S - an amulet of reflection (around neck)
 T - the ring "Onleatekh" (right claw) {rF++ rC+ rCorr Dex+4 Stlth-}
   (You bought it in a shop on level 5 of the Dungeon)

   [ring of protection from cold]

   Dex:       It affects your dexterity (+4).
   rF:        It greatly protects you from fire.
   rC:        It protects you from cold.
   rCorr:     It protects you from acid and corrosion.
   Stlth:     It makes you less stealthy.
Wands
 m - a wand of roots (33)
 B - a wand of charming (4)
 C - a wand of mindburst (5)
 E - a wand of flame (10)
 K - a wand of quicksilver (4)
Scrolls
 r - 12 scrolls of teleportation
 u - 4 scrolls of fear
 y - a scroll of amnesia
 z - 2 scrolls of immolation
 F - a scroll of magic mapping
 G - 2 scrolls of noise
 M - 9 scrolls of identify
 N - a scroll of fog
 P - a scroll of enchant armour
 W - 2 scrolls of summoning
 Y - a scroll of brand weapon {unknown}
Potions
 c - 2 potions of heal wounds
 e - 5 potions of flight
 f - 5 potions of curing
 h - 3 potions of cancellation
 j - 2 potions of degeneration
 k - 2 potions of invisibility
 l - 3 potions of brilliance
 o - 2 potions of attraction
 q - 4 potions of mutation
 s - 2 potions of magic
 U - a potion of lignification
 X - a potion of might
Miscellaneous
 J - a phantom mirror
 L - a phial of floods
 O - a tin of tremorstones (2/2)


   Skills:
 + Level 10.4 Fighting
 + Level 5.1 Dodging
 + Level 11.3 Shields
 * Level 16.6 Unarmed Combat


You had 12 spell levels left.
You didn't know any spells.
Your spell library contained the following spells:

 Spells                   Type           Power      Damage    Failure   Level
 Foxfire                  Conj/Fire      0%         2x1d4     65%         1
 Magic Dart               Conj           0%         1d3       65%         1
 Sting                    Tmut/Pois      0%         1d3       65%         1
 Summon Small Mammal      Summ           0%         N/A       65%         1
 Call Imp                 Summ           0%         N/A       80%         2
 Poisonous Vapours        Pois/Air       0%         N/A       80%         2
 Searing Ray              Conj           0%         2d4       80%         2
 Call Canine Familiar     Summ           0%         N/A       95%         3
 Conjure Flame            Conj/Fire      0%         6-21      95%         3
 Inner Flame              Hex/Fire       0%         N/A       95%         3
 Mephitic Cloud           Conj/Pois/Air  0%         N/A       95%         3
 Portal Projectile        Hex/Tloc       0%         N/A       95%         3
 Summon Guardian Golem    Hex/Summ       0%         N/A       95%         3
 Flame Wave               Conj/Fire      0%         2d4       100%        4
 Fulminant Prism          Conj/Hex       0%         3d6       100%        4
 Iskenderun's Mystic Bla  Conj/Tloc      0%         2d3       100%        4
 Leda's Liquefaction      Hex/Erth       0%         N/A       100%        4
 Olgreb's Toxic Radiance  Pois           0%         N/A       100%        4
 Fireball                 Conj/Fire      0%         3d3       100%        5
 Lee's Rapid Deconstruct  Erth           0%         3d5*      100%        5
 Starburst                Conj/Fire      0%         6d3       100%        6
 Statue Form              Tmut/Erth      0%         N/A       100%        6
 Ignition                 Fire           0%         3d3       100%        8


Dungeon Overview and Level Annotations

Branches:
Dungeon (13/15)            Temple (1/1) D:7            Lair (4/5) D:9
  Swamp (0/4) Lair:2        Snake (0/4) Lair:2          Orc (2/2) D:12
  Sewer (visited)
  Slime: Lair:4-5       Elf: Orc:2       Vaults: D:13-14

Altars:
Ashenzari
Cheibriados
Dithmenos
Elyvilon
Fedhas
Gozag
Hepliaklqana
Kikubaaqudgha
Makhleb
Nemelex Xobeh
Okawaru
Qazlal
Ru
Sif Muna
Trog
Uskayaw
Vehumet
Wu Jian
Xom
Yredelemnul
Zin
The Shining One

Shops:
D:2 (*   D:4 =(   D:5 =*   D:10 :

Annotations:
D:13 Frances
Orc:1 Donald


Innate Abilities, Weirdness & Mutations

You are too large for most types of armour.
You have claws for hands.
Your natural rate of healing is unusually fast.
You are covered in fur. (AC +1)
You have tough skin. (AC +1)


Message History

You are too injured to fight recklessly!
You are too injured to fight recklessly!
You are too injured to fight recklessly!
You are too injured to fight recklessly!
You are too injured to fight recklessly!
You are too injured to fight recklessly!
You are too injured to fight recklessly!
You are too injured to fight recklessly!
You are too injured to fight recklessly!
You are too injured to fight recklessly!
You scratch Donald.
Donald is heavily wounded.
Donald mumbles some strange words.
Donald seems to speed up.
Okay, then.
Okay, then.
Your muscles tense, ready for explosive movement...
You lunge with incredible momentum at Donald.
Donald blocks your attack.
Donald is heavily wounded.
Your supernatural speed expires.
There is a stone staircase leading down, spattered with blood here.
Okay, then.
A red film seems to cover your vision as you go berserk!
You feel yourself moving faster!
You feel mighty!
Donald hits you with a +1 scimitar of holy wrath!!!
* * * LOW HITPOINT WARNING * * *
You block Donald's attack.
You scratch Donald.
Donald is heavily wounded.
You block Donald's attack.
You mangle Donald!!
Donald is severely wounded.
You mangle Donald!!
Donald is almost dead.
You block Donald's attack.
You scratch Donald.
Donald is almost dead.
Donald hits you with a +1 scimitar of holy wrath!!!
You die...

...#.............)...............
.........#.#....>................
..........#......[.........##..#.
.#.......#[).<.........#.####.#..
.....#....#.............## #...#.
...........)...........#.####.###
........#.[...............# ###
.........)[....)@......#.##
..........[..#.)@......###
........................##
.........................#
#^........#.....#........#
#.....................#.##
......#................##
......#......#...#.#....#
...#..............##.#.##
..###........##.......##


You could see Donald (fast, strong, reflecting).

Vanquished Creatures
  Josephine (Orc:1)
  2 hydras
  2 boulder beetles
  A centaur warrior (D:10)
  3 two-headed ogres
  7 death yaks
  5 skeletal warriors (D:12)
  A deep troll (Lair:1)
  An orc knight (D:11)
  A deep elf pyromancer (D:8)
  A spectral boulder beetle (D:11)
  An ugly thing (D:12)
  A manticore (D:8)
  A cyclops (D:11)
  A spectral centaur (D:11)
  2 centaur zombies (D:11)
  A black mamba (Lair:3)
  4 cane toads
  A centaur skeleton (D:11)
  4 unseen horrors
  3 kobold demonologists
  A komodo dragon (Lair:2)
  A tengu conjurer (D:12)
  4 trolls
  A polar bear (Lair:2)
  2 hornets
  11 flying skulls (D:11)
  4 slime creatures (D:12)
  6 shadows
  A centaur simulacrum (D:11)
  A vampire (D:11)
  10 wraiths
  6 wyverns
  Eustachio (D:5)
  19 yaks
  A basilisk (Lair:4)
  4 vampire mosquitoes (D:11)
  A steam dragon (D:8)
  7 wargs
  2 acid dragons
  6 water moccasins
  A sky beast (D:7)
  12 orc warriors
  3 black mamba simulacra (D:11)
  6 ice beasts
  A black bear (Lair:3)
  2 boulder beetle simulacra (D:11)
  3 ogres
  3 wolves (Lair:1)
  5 centaurs
  3 phantoms
  4 kobold brigands
  8 bullfrogs
  8 necrophages
  3 gnoll sergeants
  3 scorpions (D:6)
  2 wights
  12 killer bees
  8 electric eels
  8 howler monkeys
  7 hounds
  4 jellies
  3 gnoll boudas
  13 orc priests
  An iguana (D:5)
  16 orc wizards
  5 hell rats
  A hound skeleton (D:8)
  13 gnolls
  6 adders
  2 river rats (Sewer)
  A white imp (D:7)
  3 worms
  3 dart slugs
  47 orcs
  10 ball pythons
  13 bats
  7 endoplasms
  A giant cockroach (D:4)
  8 goblins
  5 hobgoblins
  3 jackals (D:1)
  4 quokkas
  5 frilled lizards
  17 kobolds
  10 rats
436 creatures vanquished.

Vanquished Creatures (collateral kills)
  A wraith (D:6)
1 creature vanquished.

Vanquished Creatures (others)
  A spectral boulder beetle (D:11)
  7 fungi
  16 plants
24 creatures vanquished.

Grand Total: 461 creatures vanquished

Notes
Turn   | Place    | Note
-------+----------+-------------------------------------------
     0 | D:1      | groovy9 the Troll Fighter began the quest for the Orb.
     0 | D:1      | Reached XP level 1. HP: 22/22 MP: 0/0
   416 | D:1      | Reached XP level 2. HP: 27/29 MP: 1/1
   659 | D:1      | Reached XP level 3. HP: 36/36 MP: 2/2
  1160 | D:2      | Reached skill level 3 in Unarmed Combat
  1209 | D:2      | Found Saemabof's Assorted Antiques.
  1246 | D:2      | You fall into a shaft and drop 2 floors!
  1251 | D:4      | Noticed a phantom
  1270 | D:4      | Killed a phantom
  1271 | D:4      | Reached XP level 4. HP: 40/45 MP: 3/3
  1342 | D:2      | Found a faded altar of an unknown god.
  1468 | D:2      | Reached XP level 5. HP: 53/53 MP: 4/4
  1638 | D:2      | Found Pithemn's Antique Weapon Boutique.
  1866 | D:3      | Reached skill level 4 in Unarmed Combat
  2068 | D:3      | Found a shimmering blue altar of Sif Muna.
  2423 | D:4      | Found Byl Zaf's Jewellery Shop.
  2472 | D:2      | Bought a thin beryl amulet for 145 gold pieces
  2558 | D:4      | Found an opulent altar of Gozag.
  2562 | D:4      | Found a hazy altar of Hepliaklqana.
  2567 | D:4      | Found a stormy altar of Qazlal.
  2656 | D:2      | Bought a fuming silvery potion for 26 gold pieces
  2656 | D:2      | Bought a glowing cyan potion for 26 gold pieces
  2694 | D:4      | Noticed an ice beast
  2772 | D:4      | Killed an ice beast
  2773 | D:4      | Reached XP level 6. HP: 61/61 MP: 5/5
  2851 | D:4      | Found a blossoming altar of Fedhas.
  2875 | D:4      | Reached skill level 5 in Unarmed Combat
  3026 | D:4      | Found Buyrgh's Antique Weapon Emporium.
  3040 | D:5      | Entered Level 5 of the Dungeon
  3067 | D:5      | Noticed an orc warrior
  3075 | D:5      | Killed an orc warrior
  3076 | D:5      | Reached XP level 7. HP: 45/68 MP: 6/6
  3124 | D:5      | Noticed Eustachio
  3268 | D:5      | Found a glowing drain.
  3284 | D:5      | Reached skill level 6 in Unarmed Combat
  3312 | Sewer    | Entered a sewer
  3498 | D:5      | Reached skill level 5 in Shields
  3588 | D:5      | Found Velag's Jewellery Emporium.
  3666 | D:5      | Found a glowing golden altar of the Shining One.
  3792 | D:5      | Found Juthaf's General Store.
  3893 | D:5      | Killed Eustachio
  3894 | D:5      | Reached skill level 7 in Unarmed Combat
  3894 | D:5      | Reached XP level 8. HP: 71/79 MP: 7/7
  3980 | D:6      | Identified the +3 leather armour of the Dropbear {rElec
                  | Str+6}
  4052 | D:6      | Reached skill level 5 in Fighting
  4117 | D:6      | Reached skill level 8 in Unarmed Combat
  4238 | D:6      | Reached XP level 9. HP: 88/88 MP: 8/8
  4424 | D:7      | Identified a scroll of acquirement
  4424 | D:7      | Acquired the +1 hat of Lethargy {rElec rC+ Str-2 Dex+6}
  4599 | D:7      | Reached skill level 9 in Unarmed Combat
  4916 | D:7      | Reached skill level 10 in Unarmed Combat
  4970 | D:7      | Found a staircase to the Ecumenical Temple.
  5348 | Temple   | Entered the Ecumenical Temple
  5398 | Temple   | Became a worshipper of the Wu Jian Council
  5521 | D:8      | Noticed a two-headed ogre
  5529 | D:8      | Killed a two-headed ogre
  5530 | D:8      | Reached XP level 10. HP: 94/100 MP: 9/9
  5567 | D:8      | Found a broken altar of Ashenzari.
  5568 | D:8      | Found a bloodstained altar of Trog.
  5851 | D:8      | Reached skill level 11 in Unarmed Combat
  6038 | D:8      | Found a basalt altar of Yredelemnul.
  6091 | D:8      | Found a burning altar of Makhleb.
  6464 | D:8      | Found a hide-covered altar of Uskayaw.
  6553 | D:8      | Found a runed translucent door.
  6755 | D:8      | Noticed a manticore
  6757 | D:8      | Noticed a deep elf pyromancer
  6785 | D:8      | Killed a deep elf pyromancer
  6788 | D:8      | Killed a manticore
  6890 | D:9      | Found a shadowy altar of Dithmenos.
  6893 | D:9      | Reached * piety under Wu Jian
  6932 | D:9      | Found a staircase to the Lair.
  7069 | D:9      | Reached skill level 12 in Unarmed Combat
  7069 | D:9      | Noticed a two-headed ogre
  7226 | D:9      | Killed a two-headed ogre
  7227 | D:9      | Reached XP level 11. HP: 95/109 MP: 10/10
  7381 | D:9      | Reached ** piety under Wu Jian
  7573 | D:10     | Entered Level 10 of the Dungeon
  7656 | D:10     | Found a white marble altar of Elyvilon.
  7902 | D:10     | Found an ancient bone altar of Kikubaaqudgha.
  7935 | D:10     | Noticed a centaur warrior
  7951 | D:10     | Killed a centaur warrior
  8139 | D:10     | Found Feppoozouj's Book Emporium.
  8681 | D:11     | Reached skill level 13 in Unarmed Combat
  8697 | D:11     | Reached *** piety under Wu Jian
  9104 | D:11     | Reached XP level 12. HP: 122/122 MP: 11/11
  9141 | D:11     | Reached skill level 14 in Unarmed Combat
  9231 | D:11     | Reached **** piety under Wu Jian
  9446 | D:11     | Identified the +6 sling of Calculation {vorpal, rF+ Will+
                  | Str-5}
  9498 | D:11     | Found a basalt altar of Yredelemnul.
  9540 | D:11     | Reached skill level 10 in Shields
  9786 | D:11     | Noticed a two-headed ogre
  9799 | D:11     | Killed a two-headed ogre
 10132 | D:12     | Noticed a boulder beetle
 10153 | D:11     | Killed a boulder beetle
 10154 | D:11     | Reached skill level 15 in Unarmed Combat
 10425 | Lair:1   | Entered Level 1 of the Lair of Beasts
 11439 | Lair:2   | Found a staircase to the Snake Pit.
 11545 | Lair:2   | Noticed a boulder beetle
 11557 | Lair:2   | Killed a boulder beetle
 11677 | Lair:2   | Found a staircase to the Swamp.
 11691 | Lair:2   | Reached ***** piety under Wu Jian
 12223 | Lair:2   | Noticed a five-headed hydra
 12232 | Lair:2   | Killed an eight-headed hydra
 12440 | Lair:3   | Reached XP level 13. HP: 132/132 MP: 12/12
 12928 | D:5      | Bought the ring "Onleatekh" {rF++ rC+ rCorr Dex+4 Stlth-}
                  | for 869 gold pieces
 14100 | Lair:3   | Reached skill level 10 in Fighting
 14234 | Lair:4   | Reached skill level 16 in Unarmed Combat
 14905 | D:12     | Found a staircase to the Orcish Mines.
 15128 | D:12     | Identified the +6 quarterstaff of the Extremely Mad {spect,
                  | rPois rN+ Dex+4}
 15206 | D:12     | Reached skill level 5 in Dodging
 15441 | D:13     | Noticed Frances
 15478 | Orc:1    | Entered Level 1 of the Orcish Mines
 15510 | Orc:1    | Noticed Josephine
 15520 | Orc:1    | Killed Josephine
 15849 | Orc:2    | Entered Level 2 of the Orcish Mines
 15849 | Orc:2    | Noticed Donald
 15862 | Orc:2    | Noticed an orc warlord
 15896 | Orc:1    | Demolished by Donald

Illustrated notes

Levels and vault maps discovered:
D:1:      roderic_lyre, layout_loops_corners, corexii_hall_statues_x,
          minmay_heptomino_l4
D:2:      layout_loops_ring, chequers_ecumenical_altar_island, serial_shops,
          nicolae_diamond_shop, shop
D:3:      layout_basic, mainiacjoe_overflow_small_starburst
D:4:      layout_rooms, kennysheep_mini, minmay_overflow_temple_star_quad,
          serial_shops, shop, nicolae_shop_behind_doors
D:5:      layout_rooms, tso_altar, serial_shops, shop, nicolae_lakefront_shop,
          cheibrodos_sewer_entry_drain, corexii_leaking_fountain,
          kennysheep_generic_room_2, uniq_eustachio
D:6:      layout_rooms
D:7:      layout_loops_ring, minmay_temple_entry_slanted, dk_noncrumbling_2,
          minmay_chambers_of_fives
D:8:      layout_layer_cave, mainiacjoe_overflow_six_doors_small,
          makhleb_blood_cavern_becter, nicolae_uskayaw_suspiria,
          nicolae_overflow_squiral, wad_hexagon
D:9:      kennysheep_spiral_hall, layout_rooms, grunt_dithmenos_shadows
D:10:     layout_roguey, kiku_gazebo_garden_becter, amcnicky_altar_gilded,
          serial_shops, kennysheep_little_box, minmay_statues_item
D:11:     lemuel_vampire_tower, layout_long_grid
D:12:     layout_long_grid, orc_0_dummy, minmay_microvault
D:13:     layout_small_grid, gauntlet_entry_generic, uniq_frances
Temple:   nicolae_temple_ecumenical_triangle
Lair:1:   dreamdust_cave_troll, layout_loops_ring, lemuel_fruit_fields
Lair:2:   layout_loops_ring, minmay_swamp_entry_eels,
          guppyfry_snake_entry_garden, roderic_carrion_pond
Lair:3:   layout_regular_city, nicolae_volcano_entry_s_turn
Lair:4:   layout_big_grid
Orc:1:    layout_caves, uniq_josephine
Orc:2:    st_orc_pillars, layout_diamond_mine, mines5_lemuel, uniq_donald

Skill      XL: |  1  2  3  4  5  6  7  8  9 10 11 12 13 |
---------------+----------------------------------------+-----
Shields        | 3 4 5 6 7 8 9 10 11 | 11.3
Unarmed Combat | 3 4 5 7 8 10 12 13 15 16 | 16.6
Fighting       | 3 4 5 6 7 8 9 10 | 10.4
Dodging        | 3 5 |  5.1

Action                   |  1- 3 |  4- 6 |  7- 9 | 10-12 | 13-15 || total
-------------------------+-------+-------+-------+-------+-------++-------
Melee: Unarmed           |    96 |   142 |   334 |   664 |   328 ||  1564
Throw: Boomerang         |       |       |     6 |     1 |       ||     7
       Throwing net      |       |       |       |     1 |       ||     1
Invok: Lunge             |       |       |     2 |    68 |    39 ||   109
       Whirlwind         |       |       |       |    15 |    54 ||    69
       Serpent's Lash    |       |       |       |     2 |     3 ||     5
Evoke: Wand              |       |       |       |     5 |       ||     5
  Use: Scroll            |     3 |     8 |    11 |     5 |     2 ||    29
       Potion            |     1 |       |     1 |     3 |     3 ||     8
 Stab: Sleeping          |     1 |       |       |       |       ||     1
       Held in net/web   |       |       |       |     1 |       ||     1
Armor: Robe              |     7 |       |       |       |       ||     7
       Quicksilver drago |    42 |    67 |   139 |   238 |    11 ||   497
       Skin              |       |       |       |     2 |       ||     2
       Troll leather arm |       |       |       |       |    14 ||    14
Dodge: Dodged            |    25 |    43 |    99 |   165 |    47 ||   379
       Repelled          |       |       |       |     2 |       ||     2
Block: Kite shield       |    44 |    60 |   148 |   284 |   133 ||   669
       Reflection        |       |       |       |       |     4 ||     4
